[Event "ICCopen2017"]
[Site "Internet Chess Club"]
[Date "2017.04.02"]
[Round "8"]
[White "UnderArmour"]
[Black "Wilsonpalencia"]
[Result "0-1"]
[ICCResult "White checkmated"]
[WhiteElo "1943"]
[BlackElo "2525"]
[Opening "Sicilian, Chekhover variation"]
[ECO "B53"]
[NIC "SI.02"]
[Time "20:32:19"]
[TimeControl "180+0"]

1. e4 c5 2. Nf3 d6 3. d4 cxd4 4. Qxd4 Nc6 5. Bb5 Qa5+ 6. Nc3 Qxb5 7. Nxb5
Nxd4 8. Nfxd4 Kd8 9. c4 Nf6 10. f3 a6 11. Nc3 Bd7 12. Be3 Rc8 13. b3 b5 14.
Nd5 e5 15. Ne2 Nxd5 16. cxd5 Be7 17. Kd2 Kc7 18. Rac1+ Kb7 19. Rc3 Rxc3 20.
Nxc3 Rc8 21. Rc1 f5 22. a3 f4 23. Bf2 Bd8 24. b4 g5 25. g3 h5 26. gxf4 exf4
27. Bd4 g4 28. Ke2 Bh4 29. e5 dxe5 30. Bxe5 Re8 31. Ne4 Rxe5 32. Kf1 Rxd5
33. Nc5+ Kb6 34. Ne4 gxf3 35. a4 Bh3+ 36. Kg1 bxa4 37. Nc5 Rg5+ 38. Kh1 Bg2+
39. Kg1 f2# {White checkmated} 0-1

[Event "ICCopen2017"]
[Site "Internet Chess Club"]
[Date "2017.04.02"]
[Round "8"]
[White "CristianS"]
[Black "chavo"]
[Result "1-0"]
[ICCResult "Black resigns"]
[WhiteElo "2152"]
[BlackElo "2308"]
[Opening "Giuoco Piano: Möller (Therkatz) attack"]
[ECO "C54"]
[NIC "IG.02"]
[Time "20:32:21"]
[TimeControl "180+0"]

1. e4 e5 2. Nf3 Nc6 3. Bc4 Bc5 4. c3 Nf6 5. d4 exd4 6. cxd4 Bb4+ 7. Nc3 Nxe4
8. O-O Bxc3 9. d5 Bf6 10. Re1 Ne7 11. Rxe4 d6 12. Bg5 Bxg5 13. Nxg5 h6 14.
Qe2 hxg5 15. Re1 Be6 16. dxe6 f5 17. Re3 g4 18. h3 d5 19. Bb3 Qd6 20. Qb5+
Qc6 21. Qb4 gxh3 22. Ba4 O-O-O 23. Bxc6 Nxc6 24. Qf4 hxg2 25. Kxg2 d4 26.
Qxf5 Kb8 27. e7 Rde8 28. Re6 g6 29. Rxg6 Nxe7 30. Qe6 d3 31. Rg7 d2 32. Rxe7
dxe1=Q 33. Qxe1 Rhg8+ 34. Kf1 Ref8 35. Qe5 Rc8 36. f4 Rg6 37. f5 Rc6 38. f6
Rc1+ 39. Ke2 Rc2+ 40. Kd3 Rf2 41. f7 Rf3+ 42. Ke2 {Black resigns} 1-0

[Event "ICCopen2017"]
[Site "Internet Chess Club"]
[Date "2017.04.02"]
[Round "8"]
[White "A4-H5"]
[Black "MATEPROOF"]
[Result "1-0"]
[ICCResult "Black forfeits on time"]
[WhiteElo "1862"]
[BlackElo "1979"]
[Opening "English opening"]
[ECO "A10"]
[NIC "EO.64"]
[Time "20:32:03"]
[TimeControl "180+0"]

1. c4 g6 2. Nc3 Bg7 3. e4 c5 4. d3 Nc6 5. Nf3 d6 6. Be2 Nf6 7. O-O O-O 8. h3
Bd7 9. Bg5 Rb8 10. Qd2 a6 11. Bh6 Bxh6 12. Qxh6 b5 13. b3 Qa5 14. Qc1 b4 15.
Nd5 Nxd5 16. cxd5 Nd4 17. Re1 Rfc8 18. Qh6 Nxf3+ 19. gxf3 Qd8 20. h4 Qf8 21.
Qg5 f6 22. Qg3 Qh6 23. Kg2 a5 24. Rh1 Kh8 25. h5 gxh5 26. Qh4 Rg8+ 27. Kf1
Be8 28. Qh3 Bg6 29. Ke1 a4 30. Qe6 Rg7 31. Qd7 a3 32. Qc7 Rbg8 33. Qd7 Qf4
34. Qh3 Qe5 35. Rd1 Qc3+ 36. Rd2 Bf7 37. Qh2 Rg2 38. Qh3 Rg1+ 39. Bf1 Qa1+
40. Ke2 Qb2 41. Qh2 Rxh1 42. Qxh1 Qc1 43. Qh3 Qc3 44. Bg2 Qc1 45. f4 Qg1 46.
Bf3 Qg6 47. Qf1 Qg1 48. Qh3 Qg6 49. Rd1 f5 50. Rh1 fxe4 51. Bxe4 Qf6 52. Qe3
{Black forfeits on time}
1-0

[Event "ICCopen2017"]
[Site "Internet Chess Club"]
[Date "2017.04.02"]
[Round "8"]
[White "vbtry3"]
[Black "JimboPi"]
[Result "0-1"]
[ICCResult "White forfeits on time"]
[WhiteElo "1678"]
[BlackElo "1576"]
[Opening "Petrov three knights game"]
[ECO "C42"]
[NIC "RG.01"]
[Time "20:31:59"]
[TimeControl "180+0"]

1. e4 e5 2. Nf3 Nf6 3. Nc3 Bb4 4. d3 O-O 5. g3 Re8 6. Bg2 c6 7. O-O d6 8.
Bd2 h6 9. Re1 Bg4 10. h3 Bh5 11. g4 Bg6 12. a3 Ba5 13. Nh2 Nbd7 14. f4 exf4
15. Bxf4 Ne5 16. Bd2 Rc8 17. Qe2 d5 18. b4 Bc7 19. Kh1 dxe4 20. dxe4 Qd4 21.
Nf3 Nxf3 22. Bxf3 Rcd8 23. Rad1 Qe5 24. Qg2 Rd4 25. Ne2 Rc4 26. Bf4 Qe7 27.
Bxc7 Qxc7 28. Rd4 Rxc2 29. Rc1 Rxc1+ 30. Nxc1 Qe5 31. Rc4 Qa1 32. Kh2 Qxa3
33. Rd4 Qe3 34. Ne2 h5 35. g5 Nh7 36. e5 Nxg5 37. Ng1 Qxd4 38. Qxg5 Qxe5+
39. Qxe5 Rxe5 40. b5 Rxb5 41. Kg3 Rb3 42. Kf4 a5 43. Ne2 a4 44. Nd4 Rb4 45.
Ke5 a3 46. Nc2 Rb3 {White forfeits on time} 0-1

[Event "ICCopen2017"]
[Site "Internet Chess Club"]
[Date "2017.04.02"]
[Round "8"]
[White "rencoroso"]
[Black "soyleyenda"]
[Result "1-0"]
[ICCResult "Black checkmated"]
[WhiteElo "1960"]
[BlackElo "1691"]
[Opening "Sicilian: Nimzovich-Rossolimo attack (with ...g6, without ...d6)"]
[ECO "B31"]
[NIC "SI.31"]
[Time "20:32:18"]
[TimeControl "180+0"]

1. e4 c5 2. Nf3 Nc6 3. Bb5 g6 4. Bxc6 dxc6 5. h3 Bg7 6. e5 e6 7. d3 Ne7 8.
O-O O-O 9. b3 a5 10. a4 b5 11. Bb2 Nd5 12. Nbd2 Qe7 13. Ne4 Rd8 14. Qe2 Nb4
15. Nd6 Qf8 16. axb5 Rxd6 17. c3 Rxd3 18. cxb4 Rxb3 19. bxa5 cxb5 20. Qc2 c4
21. Nd4 Rd3 22. Nxb5 Ba6 23. Nc7 Ra7 24. Nxa6 Rxa6 25. Qxc4 Rd2 26. Qxa6
Rxb2 27. Rfe1 Qb4 28. Qa8+ Bf8 29. a6 Kg7 30. a7 Bc5 31. Qd8 Bxf2+ 32. Kh1
Bxe1 33. Qf6+ Kh6 34. a8=Q Qd2 35. Qf8+ Kh5 36. g4# {Black checkmated} 1-0

[Event "ICCopen2017"]
[Site "Internet Chess Club"]
[Date "2017.04.02"]
[Round "8"]
[White "intermaster"]
[Black "Trentosk"]
[Result "1-0"]
[ICCResult "Black resigns"]
[WhiteElo "2246"]
[BlackElo "2475"]
[Opening "Giuoco Piano"]
[ECO "C50"]
[NIC "IG.02"]
[Time "20:32:15"]
[TimeControl "180+0"]

1. e4 e5 2. Nf3 Nc6 3. Bc4 Bc5 4. O-O Nf6 5. Nc3 d6 6. h3 O-O 7. d3 h6 8. a3
a6 9. Be3 Qe7 10. Bxc5 dxc5 11. Nd5 Nxd5 12. Bxd5 Nd4 13. c3 Nxf3+ 14. Qxf3
c6 15. Bc4 Be6 16. Rad1 b5 17. Bxe6 Qxe6 18. Rd2 Rad8 19. Rfd1 Rd6 20. Qe3
c4 21. d4 Rfd8 22. dxe5 Rxd2 23. Rxd2 Rxd2 24. Qxd2 Qxe5 25. f3 Kh7 26. Kf2
Kg6 27. Qd7 Qc5+ 28. Kf1 a5 29. Ke2 h5 30. g4 hxg4 31. hxg4 f6 32. Qf5+ Qxf5
33. gxf5+ Kg5 34. Ke3 c5 35. Ke2 Kf4 36. Kf2 b4 37. Ke2 a4 38. Kf2 Ke5 39.
Ke3 Kd6 40. f4 bxc3 41. bxc3 Kc6 42. Kf3 Kd6 43. Kg4 Ke7 44. Kh5 Kf7 45. e5
Kf8 46. Kg6 Kg8 47. exf6 gxf6 48. Kxf6 Kf8 49. Ke6 Ke8 50. f6 Kf8 51. f7
{Black resigns}
1-0

[Event "ICCopen2017"]
[Site "Internet Chess Club"]
[Date "2017.04.02"]
[Round "8"]
[White "Salvatore"]
[Black "KnightWalker"]
[Result "0-1"]
[ICCResult "White resigns"]
[WhiteElo "1428"]
[BlackElo "1358"]
[Opening "Queen's pawn: Chigorin variation"]
[ECO "D00"]
[NIC "QP.08"]
[Time "20:32:33"]
[TimeControl "180+0"]

1. d4 d5 2. Nc3 e6 3. Nf3 Nf6 4. Bg5 Be7 5. e4 dxe4 6. Ne5 Nbd7 7. Bb5 c6 8.
Nxd7 Bxd7 9. Ba4 O-O 10. O-O b5 11. Bb3 b4 12. Bxf6 bxc3 13. Bxe7 Qxe7 14.
bxc3 a5 15. a4 Rfd8 16. Re1 f5 17. Qh5 g6 18. Qh6 Qg7 19. Qf4 Re8 20. Rad1
Qe7 21. h4 Kg7 22. h5 g5 23. Qe5+ Qf6 24. h6+ Kg6 25. Qh2 g4 26. Re3 Qg5 27.
Rde1 Qxh6 28. Qd6 Qg7 29. f3 Qe7 30. Qe5 Qf6 31. Qg3 h6 32. fxe4 h5 33.
exf5+ exf5 34. c4 Rxe3 35. Rxe3 f4 36. Qf2 fxe3 37. Qxf6+ Kxf6 38. Kf1 Re8
39. Ke2 Bf5 40. c5 Be4 41. g3 Bf3+ 42. Ke1 e2 43. Bc4 Re3 44. Bd3 Rxd3 45.
cxd3 Ke6 46. Kd2 Kd5 47. Ke1 Kxd4 48. Kd2 Kxc5 49. Ke1 Kb4 50. Kd2 Kxa4 51.
Ke1 Kb3 52. Kd2 a4 53. d4 a3 54. d5 cxd5 {White resigns} 0-1

[Event "ICCopen2017"]
[Site "Internet Chess Club"]
[Date "2017.04.02"]
[Round "8"]
[White "arshavin2015"]
[Black "Unbeliever"]
[Result "1-0"]
[ICCResult "Black checkmated"]
[WhiteElo "1974"]
[BlackElo "1791"]
[Opening "Benko's opening"]
[ECO "A00"]
[NIC "VO.09"]
[Time "20:32:35"]
[TimeControl "180+0"]

1. g3 f5 2. Bg2 Nf6 3. d3 g6 4. Nf3 Bg7 5. O-O O-O 6. c3 d6 7. Bg5 h6 8. Bd2
e5 9. Qc2 Nc6 10. e4 g5 11. exf5 Bxf5 12. Qb3+ Kh8 13. Qxb7 Qd7 14. d4 Rab8
15. Qa6 Rb6 16. Qa4 exd4 17. cxd4 Bg4 18. Bc3 Nd5 19. Nbd2 Nxc3 20. bxc3
Nxd4 21. Qxd7 Ne2+ 22. Kh1 Bxd7 23. Rab1 Nxc3 24. Rxb6 axb6 25. a3 Bc6 26.
Rc1 g4 27. Nh4 Bxg2+ 28. Kxg2 Kh7 29. f4 gxf3+ 30. Nhxf3 Nd5 31. Ne4 Ra8 32.
Rd1 Ne3+ 33. Kf2 Nxd1+ 34. Ke1 Rxa3 35. Nh4 Nc3 36. Nd2 Nd5 37. Nc4 Rc3 38.
Nd2 Bd4 39. Nf5 Be3 40. Nf3 Kg6 41. N5h4+ Kh5 42. h3 Bg5 43. g4#
{Black checkmated}
1-0

[Event "ICCopen2017"]
[Site "Internet Chess Club"]
[Date "2017.04.02"]
[Round "8"]
[White "sparowe"]
[Black "BillietheKid"]
[Result "0-1"]
[ICCResult "White resigns"]
[WhiteElo "1308"]
[BlackElo "1442"]
[Opening "QGD: Marshall defense"]
[ECO "D06"]
[NIC "QP.08"]
[Time "20:32:56"]
[TimeControl "180+0"]

1. d4 d5 2. c4 Nf6 3. Nf3 e6 4. cxd5 exd5 5. Nc3 Bb4 6. Qa4+ Nc6 7. Ne5 Qd6
8. Nxc6 bxc6 9. Bd2 O-O 10. e4 dxe4 11. Nxe4 Bxd2+ 12. Nxd2 Re8+ 13. Be2 Bg4
14. f3 Bf5 15. Kf2 c5 16. Nc4 Qxd4+ 17. Kf1 Rxe2 18. Kxe2 Bd3+ 19. Ke1 Re8+
20. Qxe8+ Nxe8 21. Rd1 Qxc4 22. Rxd3 Qxd3 23. Kf2 Nf6 24. Re1 Qd4+ 25. Kf1
Qxb2 26. Rd1 g6 27. h4 Qxa2 28. h5 Nxh5 29. g4 Nf4 {White resigns} 0-1

[Event "ICCopen2017"]
[Site "Internet Chess Club"]
[Date "2017.04.02"]
[Round "8"]
[White "rugsy"]
[Black "hangin"]
[Result "1-0"]
[ICCResult "Black forfeits on time"]
[WhiteElo "1416"]
[BlackElo "1256"]
[Opening "Sicilian: Alapin's variation (2.c3)"]
[ECO "B22"]
[NIC "SI.46"]
[Time "20:31:51"]
[TimeControl "180+0"]

1. e4 c5 2. c3 d6 3. d4 cxd4 4. cxd4 Nf6 5. Bd3 Nc6 6. Be3 Bd7 7. f4 Ng4 8.
Qe2 Nxe3 9. Qxe3 e6 10. d5 exd5 11. exd5+ Ne7 12. Nf3 Qa5+ 13. Nc3 O-O-O 14.
O-O Nxd5 15. Nxd5 Qxd5 16. Qxa7 Qc5+ 17. Qxc5+ dxc5 18. a4 Bc6 19. Bb5 Kc7
20. Bxc6 Kxc6 21. Ne5+ Kc7 22. Nxf7 Bd6 23. Nxh8 Rxh8 24. Rac1 Re8 25. Rc2
Re4 26. g3 Rxa4 27. Rd1 b5 28. Rcd2 Ra6 29. Rd5 Rb6 30. Rf5 c4 31. Rf7+ Kc6
32. Rxg7 b4 33. Rxh7 Kc5 34. Rh5+ Kc6 35. Rh6 Kc5 36. Rh5+ Kc6 37. f5 Rb5
38. g4 Bc5+ 39. Kg2 c3 40. bxc3 bxc3 41. Rc1 Bd4 42. f6 Rxh5 43. gxh5 Bxf6
44. h6 Kc5 45. h7 Kd4 46. Kf3 {Black forfeits on time} 1-0

[Event "ICCopen2017"]
[Site "Internet Chess Club"]
[Date "2017.04.02"]
[Round "8"]
[White "Enemigoalacecho"]
[Black "Rluis"]
[Result "1-0"]
[ICCResult "Black forfeits on time"]
[WhiteElo "2243"]
[BlackElo "1292"]
[Opening "King's Indian: London system"]
[ECO "A48"]
[NIC "QP.03"]
[Time "20:31:51"]
[TimeControl "180+0"]

1. d4 Nf6 2. Nf3 g6 3. Bf4 Bg7 4. e3 d5 5. Be2 O-O 6. O-O Ne4 7. Nbd2 Nxd2
8. Qxd2 c6 9. c4 dxc4 10. Bxc4 Nd7 11. Rfd1 Nf6 12. h3 Ne4 13. Qe2 Nd6 14.
Bb3 Qb6 15. Rac1 Bf5 16. Ne5 Rad8 17. f3 Bc8 18. Bg3 e6 19. Bf2 Qc7 20. Nd3
Qe7 21. e4 Nb5 22. Ne5 Nxd4 23. Bxd4 Rxd4 24. Rxd4 Bxe5 25. Rdd1 c5 26. Qc4
Bd4+ 27. Rxd4 cxd4 28. Qxd4 b6 29. Qc4 Bb7 30. Qc7 Qxc7 31. Rxc7 Rb8 32. e5
a5 33. a4 h5 34. Bc4 g5 35. b3 g4 36. hxg4 hxg4 37. fxg4 Kf8 38. Kf2 Kg8 39.
g3 Kf8 40. Ke3 Kg8 41. Kf4 Kf8 42. Kg5 Kg8 43. Kf6 Bf3 44. g5 Bh5 45. g6
Bxg6 46. Bxe6 Bh5 47. Bc4 Re8 48. Rb7 Bf3 49. Rxf7 Rf8 50. e6 Rxf7+ 51.
exf7+ Kf8 52. Be6 Bh5 53. g4 Bxg4 54. Bxg4 b5 55. Ke5 bxa4 56. bxa4 Kxf7 57.
Kd6 Kf6 58. Bc8 {Black forfeits on time} 1-0

[Event "ICCopen2017"]
[Site "Internet Chess Club"]
[Date "2017.04.02"]
[Round "8"]
[White "Balderdash"]
[Black "ROWLAND"]
[Result "0-1"]
[ICCResult "White resigns"]
[WhiteElo "1129"]
[BlackElo "1521"]
[Opening "Danish gambit"]
[ECO "C21"]
[NIC "KP.04"]
[Time "20:33:11"]
[TimeControl "180+0"]

1. e4 e5 2. d4 exd4 3. c3 d3 4. Qxd3 d6 5. Qe3 Nf6 6. Bd3 Be7 7. Nf3 O-O 8.
e5 dxe5 9. Ng5 h6 10. Nf3 Nc6 11. Nxe5 Nxe5 12. Qxe5 Qxd3 13. Qe2 Qxe2+ 14.
Kxe2 Bg4+ 15. f3 Bf5 16. g4 Bh7 17. Bf4 Rfe8 18. Nd2 Bd6+ 19. Be3 Bc5 20.
Nc4 Nd5 21. b4 Bxe3 22. Nxe3 Rxe3+ 23. Kd2 Rae8 24. c4 Rd3+ 25. Kc1 Nxb4 26.
Rd1 Rc3+ 27. Kb2 Rc2+ 28. Kb3 a5 29. Re1 Rce2 30. a3 Bc2+ 31. Kc3 c5 32.
Rxe2 Rxe2 33. axb4 axb4+ 34. Kb2 Bd3+ 35. Kc1 Rc2+ 36. Kd1 Rxh2 37. Ra8+ Kh7
38. Rd8 Bxc4 39. Rd7 b5 40. Rc7 b3 41. Rxc5 b2 {White resigns} 0-1

[Event "ICCopen2017"]
[Site "Internet Chess Club"]
[Date "2017.04.02"]
[Round "8"]
[White "nino-dg"]
[Black "LevAbramovich"]
[Result "1-0"]
[ICCResult "Black resigns"]
[WhiteElo "2383"]
[BlackElo "2070"]
[Opening "King's Indian: fianchetto, Simagin variation"]
[ECO "E62"]
[NIC "KI.72"]
[Time "20:31:49"]
[TimeControl "180+0"]

1. d4 Nf6 2. Nf3 g6 3. g3 Bg7 4. Bg2 O-O 5. O-O d6 6. c4 Nc6 7. Nc3 Bg4 8.
h3 Bxf3 9. Bxf3 Nd7 10. e3 e5 11. d5 Ne7 12. Bg2 f5 13. e4 Nf6 14. Qc2 Qd7
15. c5 dxc5 16. Rd1 Nc8 17. Be3 b6 18. exf5 gxf5 19. d6 e4 20. dxc7 Qxc7 21.
Bf4 Qf7 22. Nb5 a6 23. Nc7 Ra7 24. Bf1 b5 25. Qxc5 Nh5 26. Nd5 Nxf4 27. Nxf4
Bxb2 28. Rab1 Bg7 29. Rbc1 Rd7 30. a4 Rfd8 31. Rxd7 Qxd7 32. axb5 axb5 33.
Bxb5 Qe7 34. Qxf5 Nd6 35. Qd5+ Kh8 36. Rd1 e3 37. fxe3 Nf7 38. Qf3 Rxd1+ 39.
Qxd1 Qxe3+ 40. Kh2 Be5 41. Qg4 Bxf4 42. Qxf4 Qxf4 43. gxf4 Kg7 44. Kg3 Kf6
45. Bd3 h6 46. Kg4 Nd8 47. Bc4 Kg6 48. h4 Nf7 49. Bxf7+ Kxf7 50. Kf5 Kg7 51.
h5 Kf7 52. Ke5 Ke7 53. f5 Kf7 54. f6 Kf8 55. Ke4 Kf7 56. Kf5 Kf8 57. Kg6 Kg8
58. Kxh6 Kf7 59. Kg5 {Black resigns} 1-0

[Event "ICCopen2017"]
[Site "Internet Chess Club"]
[Date "2017.04.02"]
[Round "8"]
[White "HighGround"]
[Black "Eigeneier"]
[Result "0-1"]
[ICCResult "White checkmated"]
[WhiteElo "1327"]
[BlackElo "1723"]
[Opening "Sicilian defense"]
[ECO "B40"]
[NIC "SI.43"]
[Time "20:33:03"]
[TimeControl "180+0"]

1. e4 c5 2. Nf3 e6 3. d3 d5 4. exd5 exd5 5. g3 Nf6 6. Bg2 Be7 7. O-O O-O 8.
Re1 Nc6 9. Bg5 Bg4 10. Nbd2 h6 11. Be3 d4 12. Bf4 Nd5 13. Bxh6 gxh6 14. h3
Bf5 15. Ne5 Nxe5 16. Rxe5 Be6 17. Rh5 Kh7 18. Qf3 f5 19. Nc4 Bf6 20. Re1 Bf7
21. Rg5 hxg5 22. Qxf5+ Kg7 23. Ne5 Bxe5 24. Qxe5+ Qf6 25. Bxd5 Qxe5 26. Rxe5
Bxd5 27. Rxg5+ Kf6 28. Rxd5 Rac8 29. h4 Ke6 30. Rh5 Rf5 31. Rh6+ Rf6 32. Rh5
Rcf8 33. f4 b6 34. Re5+ Kd6 35. Kf2 Rxf4+ 36. gxf4 Rxf4+ 37. Kg3 Kxe5 38. h5
Rf5 39. Kg4 Rf1 40. h6 Rg1+ 41. Kh5 Kf5 42. c3 Rh1# {White checkmated} 0-1

[Event "ICCopen2017"]
[Site "Internet Chess Club"]
[Date "2017.04.02"]
[Round "8"]
[White "Alinochka199217"]
[Black "MichailovM"]
[Result "1-0"]
[ICCResult "Black resigns"]
[WhiteElo "2527"]
[BlackElo "2192"]
[Opening "Bogo-Indian defense, Grünfeld variation"]
[ECO "E11"]
[NIC "QI.01"]
[Time "20:31:51"]
[TimeControl "180+0"]

1. d4 Nf6 2. c4 e6 3. Nf3 Bb4+ 4. Nbd2 b6 5. g3 Bb7 6. Bg2 O-O 7. O-O Bxd2
8. Bxd2 d6 9. Qc2 Nbd7 10. Rfe1 Be4 11. Qc3 c5 12. Be3 Qe7 13. dxc5 Nxc5 14.
b4 Ncd7 15. Rad1 Rac8 16. Qb3 d5 17. cxd5 Nxd5 18. Bg5 f6 19. Bd2 Bc2 20.
Qb2 Bxd1 21. Rxd1 Rc4 22. Nd4 Rfc8 23. b5 Ne5 24. Bf4 Nxf4 25. gxf4 Nf7 26.
f5 e5 27. Nc6 Qc5 28. Bd5 Rg4+ 29. Kf1 Rf8 30. Qb3 e4 31. Bxf7+ Kh8 32. Qd5
Qxd5 33. Rxd5 Rh4 34. Kg2 g6 35. fxg6 hxg6 36. Be6 Kg7 37. Rd7+ Kh6 38. Rxa7
Re8 39. Bd7 Rf8 40. a4 f5 41. a5 f4 42. axb6 f3+ 43. exf3 exf3+ 44. Kg3 Rh5
45. h3 Rg5+ 46. Bg4 Rxb5 47. b7 Kg5 48. Ra8 Rf6 49. b8=Q Rxb8 50. Nxb8 Rb6
51. Ra5+ Kf6 52. Nd7+ Ke7 53. Nxb6 Kd6 54. Nd5 Ke5 55. Nf4+ Kd4 56. Nxg6 Kc3
57. Bxf3 Kb4 58. h4 Kxa5 59. h5 Kb6 60. h6 Kc5 61. h7 Kb4 62. h8=Q
{Black resigns}
1-0

[Event "ICCopen2017"]
[Site "Internet Chess Club"]
[Date "2017.04.02"]
[Round "8"]
[White "wmanthony"]
[Black "chigato"]
[Result "0-1"]
[ICCResult "White forfeits on time"]
[WhiteElo "1314"]
[BlackElo "1609"]
[Opening "Caro-Kann defense"]
[ECO "B15"]
[NIC "CK.05"]
[Time "20:33:14"]
[TimeControl "180+0"]

1. e4 c6 2. d4 d5 3. Nc3 Be6 4. f4 f6 5. f5 Bf7 6. e5 e6 7. Bd3 Qd7 8. Qf3
c5 9. Bb5 Nc6 10. Nge2 O-O-O 11. dxc5 Bxc5 12. Bd2 Nge7 13. exf6 gxf6 14.
fxe6 Qxe6 15. O-O-O Nd4 16. Nxd4 Bxd4 17. Rhe1 Be5 18. Bf4 Bxf4+ 19. Qxf4
Ng6 20. Qa4 Qb6 21. Rd2 Ne5 22. Rf1 a6 23. Bd3 Bg6 {White forfeits on time}
0-1

[Event "ICCopen2017"]
[Site "Internet Chess Club"]
[Date "2017.04.02"]
[Round "8"]
[White "JDogRob"]
[Black "Cramagica"]
[Result "0-1"]
[ICCResult "White resigns"]
[WhiteElo "938"]
[BlackElo "1161"]
[Opening "Sicilian: Najdorf"]
[ECO "B90"]
[NIC "SI.14"]
[Time "20:33:11"]
[TimeControl "180+0"]

1. e4 c5 2. Nc3 d6 3. Nf3 a6 4. d4 cxd4 5. Nxd4 Nf6 6. Bd3 e5 7. Nde2 Be6 8.
Bg5 Be7 9. Qd2 Nbd7 10. O-O-O b5 11. Kb1 Nc5 12. Be3 Rc8 13. Nxb5 Nxd3 14.
Qxd3 axb5 15. Qxb5+ Qd7 16. Qxd7+ Bxd7 17. a3 O-O 18. b4 Ba4 19. Rc1 Rfd8
20. f3 d5 21. Rhd1 d4 22. Ng3 dxe3 23. Rxd8+ Rxd8 24. c4 Nd7 25. c5 Nb8 26.
Rc3 Bg5 27. Nf5 Rd1+ 28. Kb2 e2 {White resigns} 0-1

[Event "ICCopen2017"]
[Site "Internet Chess Club"]
[Date "2017.04.02"]
[Round "8"]
[White "Kheshig"]
[Black "Maxbet"]
[Result "1-0"]
[ICCResult "Black resigns"]
[WhiteElo "2665"]
[BlackElo "2664"]
[Opening "Ruy Lopez: Anderssen variation"]
[ECO "C77"]
[NIC "RL.12"]
[Time "20:32:47"]
[TimeControl "180+0"]

1. e4 e5 2. Nf3 Nc6 3. Bb5 a6 4. Ba4 Nf6 5. d3 b5 6. Bb3 Bc5 7. O-O O-O 8.
a4 b4 9. Bg5 h6 10. Bh4 Be7 11. a5 d6 12. Nbd2 Rb8 13. c3 Nh5 14. Bg3 g6 15.
Kh1 Bd7 16. Bc4 Qc8 17. Qe2 Be6 18. d4 Bxc4 19. Nxc4 bxc3 20. bxc3 exd4 21.
cxd4 Rb5 22. Ne3 Nxg3+ 23. fxg3 Qd7 24. Nd5 Bd8 25. Qd2 Kg7 26. h3 Re8 27.
Rfe1 Kh7 28. Qc3 Re6 29. Rac1 Ne7 30. Nxc7 Bxc7 31. Qxc7 Qe8 32. d5 Rf6 33.
Nd4 Rb2 34. Rf1 Ng8 35. Ne6 Re2 36. Rxf6 Nxf6 37. Rf1 Qa4 38. Qxf7+
{Black resigns}
1-0

[Event "ICCopen2017"]
[Site "Internet Chess Club"]
[Date "2017.04.02"]
[Round "8"]
[White "ComplexZeta"]
[Black "Dupinpon"]
[Result "1-0"]
[ICCResult "Black resigns"]
[WhiteElo "1829"]
[BlackElo "1587"]
[Opening "Sicilian: Prins (Moscow) variation"]
[ECO "B55"]
[NIC "SI.01"]
[Time "20:32:40"]
[TimeControl "180+0"]

1. e4 c5 2. Nf3 d6 3. d4 cxd4 4. Nxd4 Nf6 5. f3 a6 6. c4 e6 7. Nc3 Be7 8.
Be3 O-O 9. Qd2 Nc6 10. Be2 Bd7 11. O-O Rb8 12. Rac1 Nxd4 13. Bxd4 b5 14.
cxb5 axb5 15. Bd3 b4 16. Ne2 e5 17. Be3 d5 18. exd5 Nxd5 19. Bxh7+ Kxh7 20.
Qxd5 Bb5 21. Qxd8 Rfxd8 22. Rfe1 f5 23. Rc7 Bf6 24. Kf2 f4 25. Ba7 Rbc8 26.
Rxc8 Rxc8 27. Rc1 Rxc1 28. Nxc1 e4 29. fxe4 Bxb2 30. Ne2 Bc4 31. Nxf4 Bxa2
32. Nd3 Bc3 33. Bc5 b3 34. Ba3 b2 35. Bxb2 Bxb2 36. Nxb2 Bb1 37. Ke3 Kg6 38.
Nc4 Kf6 39. Nd2 Ke5 40. Nxb1 g6 41. Nc3 {Black resigns} 1-0

[Event "ICCopen2017"]
[Site "Internet Chess Club"]
[Date "2017.04.02"]
[Round "8"]
[White "aravind6904"]
[Black "Pepiton"]
[Result "0-1"]
[ICCResult "White resigns"]
[WhiteElo "1440"]
[BlackElo "1837"]
[Opening "QP counter-gambit (elephant gambit)"]
[ECO "C40"]
[NIC "KP.10"]
[Time "20:32:36"]
[TimeControl "180+0"]

1. e4 e5 2. Nf3 d5 3. exd5 e4 4. Ng1 Qxd5 5. Nc3 Qe5 6. Nge2 Nf6 7. Ng3 Nc6
8. Bb5 Bd7 9. O-O Bd6 10. Re1 O-O 11. d3 Rfe8 12. dxe4 Bb4 13. Bd2 Bxc3 14.
Bxc6 Bxd2 15. Bxd7 Bxe1 16. Bxe8 Bxf2+ 17. Kxf2 Rxe8 18. b3 Nxe4+ 19. Nxe4
Qxe4 20. Qd3 Qxd3 21. cxd3 c6 22. Rc1 f6 23. Rc4 Kf7 24. Rd4 Re7 25. g3 c5
26. Rd5 b6 27. d4 Ke6 28. Rd8 Rd7 29. Rxd7 Kxd7 30. dxc5 bxc5 31. Ke3 Ke6
32. Kd3 Kd5 33. a4 a5 34. h3 f5 35. g4 g6 36. gxf5 gxf5 37. Ke3 c4 38. bxc4+
Kxc4 39. Kf4 Kb4 40. Kxf5 Kxa4 41. Ke4 Kb3 42. Kd3 a4 43. Kd2 a3 44. Ke3 a2
45. Kf4 a1=Q 46. Kg5 Qg7+ 47. Kh5 Qg6+ 48. Kh4 Qg2 49. Kh5 Qxh3+ 50. Kg5 h5
51. Kf4 Qg4+ 52. Ke3 h4 53. Kf2 h3 54. Ke3 h2 55. Kf2 h1=Q 56. Ke3 Qhh3+ 57.
Kf2 Qgg2+ {White resigns} 0-1

[Event "ICCopen2017"]
[Site "Internet Chess Club"]
[Date "2017.04.02"]
[Round "8"]
[White "blackending"]
[Black "Kruger"]
[Result "0-1"]
[ICCResult "White forfeits on time"]
[WhiteElo "1500"]
[BlackElo "1705"]
[Opening "Sicilian: accelerated fianchetto, modern variation"]
[ECO "B73"]
[NIC "SI.33"]
[Time "20:32:04"]
[TimeControl "180+0"]

1. e4 c5 2. Nf3 g6 3. d4 cxd4 4. Nxd4 Nc6 5. Nc3 Bg7 6. Be3 Nf6 7. Be2 O-O
8. O-O d6 9. Kh1 Bd7 10. f4 Qb6 11. Rb1 Nxe4 12. Nxc6 Qxc6 13. Nxe4 Qxe4 14.
Qd3 Qxd3 15. Bxd3 Bc6 16. f5 gxf5 17. Bxf5 e6 18. Bd3 f5 19. Bg5 Bf6 20. Bh6
Rfe8 21. b3 a5 22. c4 a4 23. Rbe1 axb3 24. axb3 Kf7 25. Be2 Rg8 26. Bf3 Ra2
27. Bxc6 bxc6 28. Rg1 Bh4 29. Ra1 Rb2 30. Rab1 Rgxg2 31. Rxb2 Rxb2 32. Rg7+
Kf6 33. Rb7 Kg6 34. Bf8 d5 35. cxd5 cxd5 36. h3 Bg3 37. Rg7+ Kh5 38. Rxg3
Kh4 39. Rg7 h5 40. Re7 Kxh3 41. Kg1 Rxb3 42. Rxe6 f4 43. Rf6 f3 44. Bd6 Kg4
45. Rf4+ Kg5 {White forfeits on time} 0-1

[Event "ICCopen2017"]
[Site "Internet Chess Club"]
[Date "2017.04.02"]
[Round "8"]
[White "GolfPro"]
[Black "Ricardov"]
[Result "0-1"]
[ICCResult "White resigns"]
[WhiteElo "1877"]
[BlackElo "2255"]
[Opening "English opening"]
[ECO "A22"]
[NIC "EO.10"]
[Time "20:33:43"]
[TimeControl "180+0"]

1. c4 e5 2. Nc3 Nf6 3. d3 Bb4 4. Nf3 Bxc3+ 5. bxc3 Nc6 6. g3 O-O 7. Bg2 d6
8. O-O Na5 9. Bg5 h6 10. Bd2 c5 11. Rb1 Rb8 12. Re1 b6 13. e3 e4 14. dxe4
Nxe4 15. Qc2 Bf5 16. Qa4 Nxd2 17. Nxd2 Bxb1 18. Rxb1 Qf6 19. Ne4 Qe6 20. Qb5
Rfd8 21. Nd2 Qe5 22. Rc1 Qe8 23. Qb2 b5 24. Qa3 Nxc4 25. Nxc4 bxc4 26. Qxa7
d5 27. Qxc5 Qe5 28. a4 Rbc8 29. Qb6 Rb8 30. Qc5 Rb3 31. a5 Rxc3 32. Rxc3
Qxc3 33. Bxd5 Qa1+ 34. Kg2 c3 35. Bxf7+ Kxf7 36. Qf5+ Kg8 37. Qe6+ Kh8 38.
Qe7 Qxa5 {White resigns} 0-1